[Event "Early-Titled-Tuesday-Blitz-July-09-2024"]
[Site "Chess.com"]
[Date "2024.07.09"]
[Round "11"]
[White "JosefineHeinemann"]
[Black "nicolochessit"]
[Result "1-0"]
[WhiteElo "2529"]
[BlackElo "2400"]
[TimeControl "180+1"]
[EndTime "10:06:20 PDT"]
[Termination "JosefineHeinemann won by checkmate"]

1. e4 g6 2. d4 Bg7 3. Nc3 c6 4. Be3 d5 5. Qd2 b5 6. e5 b4 7. Nce2 a5 8. f4 Nh6 9. Nf3 Bg4 10. Neg1 Nd7 11. h3 Bxf3 12. Nxf3 Nb6 13. g4 Nc4 14. Bxc4 dxc4 15. f5 Qd5 16. O-O Ng8 17. Rae1 h5 18. Bf4 hxg4 19. hxg4 Nh6 20. f6 Bf8 21. fxe7 Bg7 22. Nh2 Ra7 23. Bg5 Ng8 24. Bf6 Rh3 25. Qf4 Bh8 26. Bxh8 Rxh8 27. e6 f5 28. Qb8+ Kxe7 29.
Qxa7+ Kf6 30. Qf7+ Kg5 31. Nf3+ Kxg4 32. Qxg6+ Kf4 33.
Qg5# 1-0

[Event "Early-Titled-Tuesday-Blitz-July-09-2024"]
[Site "Chess.com"]
[Date "2024.07.09"]
[Round "11"]
[White "GAO"]
[Black "Vision_64"]
[Result "1-0"]
[WhiteElo "2438"]
[BlackElo "2324"]
[TimeControl "180+1"]
[EndTime "10:06:20 PDT"]
[Termination "GAO won by resignation"]

1. e4 e5 2. Nf3 Nc6 3. d4 exd4 4. Bc4 Nf6 5. e5 d5 6. Bb5 Ne4 7. Nxd4 Bd7 8. Bxc6 bxc6 9. O-O Bc5 10. f3 Ng5 11.
Be3 Bxd4 12. Bxd4 Ne6 13. f4 Nxd4 14. Qxd4 Bf5 15. c3 Qb8 16. b4 Qb6 17. Nd2 a5 18. a3 axb4 19. axb4 O-O 20. Nb3 Be4 21. Nc5 Qb5 22.
Nxe4 dxe4 23. Qxe4 Rfe8 24. h3 Ra4 25. Rxa4 Qxa4 26.
f5 h6 27. f6 g6 28. Qf4 Kh7 29.
e6 Rxe6 30. Qxc7 Kg8 31. Qd8+ Kh7 32. Qf8 Qa7+ 33. Kh1 1-0

[Event "Early-Titled-Tuesday-Blitz-July-09-2024"]
[Site "Chess.com"]
[Date "2024.07.09"]
[Round "11"]
[White "Makswolf200817"]
[Black "Crazy_girl99"]
[Result "0-1"]
[WhiteElo "2762"]
[BlackElo "2672"]
[TimeControl "180+1"]
[EndTime "10:06:21 PDT"]
[Termination "Crazy_girl99 won on time"]

1. d4 Nf6 2. c4 e6 3. g3 d5 4.
Bg2 Be7 5. Nf3 O-O 6. Nc3 dxc4 7.
Ne5 Nc6 8. Bxc6 bxc6 9. Nxc6 Qe8 10. Nxe7+ Qxe7 11. Qa4 Nd5 12. Qxc4 a5 13. Ne4 Ba6 14. Qc2 Nb4 15. Qd1 Rad8 16. O-O e5 17. a3 Nc6 18. d5 Nd4 19. Nc3 c6 20. Be3 Nf5 21. Bb6 Rd7 22.
Bxa5 h5 23. Qa4 Ra7 24. dxc6 Qe6 25. c7 Nd4 26. Rfd1 Bb7 27. Qb4 Nxe2+ 28. Nxe2 Qc6 29. Qxf8+ Kxf8 30. Rd8+ Ke7 31. Bb4+ Ke6 32. Rd6+ Qxd6 33. Bxd6 Kxd6 34. Rc1 Kd7 35. Nc3 Ra5 36. Na2 Rd5 37.
Nb4 Rd2 0-1

[Event "Early-Titled-Tuesday-Blitz-July-09-2024"]
[Site "Chess.com"]
[Date "2024.07.09"]
[Round "11"]
[White "KNVB"]
[Black "ural58"]
[Result "0-1"]
[WhiteElo "2630"]
[BlackElo "2447"]
[TimeControl "180+1"]
[EndTime "10:06:22 PDT"]
[Termination "ural58 won by checkmate"]

1. d4 d5 2. Bf4 Nf6 3. e3 c5 4. c3 Qb6 5. Qb3 c4 6. Qc2 g6 7. Nd2 Bf5 8. Qc1 Nc6 9. h3 Bg7 10. Ngf3 O-O 11. Be2 Nd7 12. O-O e5 13. dxe5 Ndxe5 14. Nxe5 Nxe5 15. Bxe5 Bxe5 16. Nf3 Bf6 17. Qd2 Be4 18.
Rfe1 Rad8 19. Nd4 Rfe8 20. Bf1 a6 21. Rad1 h5 22. f3 Bf5 23. Nxf5 gxf5 24. Kh1 Bh4 25. Re2 Bg3 26. Qc2 Qg6 27. f4 h4 28. Rd4 Re4 29. Rxe4 fxe4 30. Rd2 b5 31. Qd1 Qf5 32. Kg1 Kg7 33.
Be2 Qe6 34. b3 cxb3 35. axb3 Qb6 36. Rd4 a5 37. Kf1 b4 38. c4 a4 39. cxd5 a3 40. d6 a2 41. Bc4 Rxd6 42. Rxd6 Qxd6 43. Qxd6 a1=Q+ 44. Ke2 Qe1# 0-1

[Event "Early-Titled-Tuesday-Blitz-July-09-2024"]
[Site "Chess.com"]
[Date "2024.07.09"]
[Round "11"]
[White "Os55555"]
[Black "jbking07"]
[Result "0-1"]
[WhiteElo "2303"]
[BlackElo "2452"]
[TimeControl "180+1"]
[EndTime "10:06:22 PDT"]
[Termination "jbking07 won by resignation"]

1. d4 d5 2. c4 e6 3. Nf3 Nf6 4.
Nc3 dxc4 5. a4 Nc6 6. Bf4 Bd6 7. Bxd6 cxd6 8. e3 d5 9. Be2 O-O 10. O-O a6 11. Ne5 Nxe5 12. dxe5 Nd7 13. f4 Nc5 14. Rf3 Bd7 15. Rh3 b5 16. Qc2 g6 17.
Rf1 b4 18. Nd1 Bxa4 19. Qd2 Qb6 20. Qd4 Rab8 21. f5 Ne4 22. f6 Rfc8 23. Rf4 Qxd4 24. exd4 Bxd1 25. Bxd1 c3 26. bxc3 Rxc3 27. Rff3 Rxf3 28.
Rxf3 Nc3 29. Bb3 Ne2+ 30. Kf2 Nxd4 31. Rd3 Nxb3 32. Rxb3 a5 0-1

[Event "Early-Titled-Tuesday-Blitz-July-09-2024"]
[Site "Chess.com"]
[Date "2024.07.09"]
[Round "11"]
[White "FrenchPlayer2203"]
[Black "NovakRatko"]
[Result "0-1"]
[WhiteElo "2267"]
[BlackElo "2365"]
[TimeControl "180+1"]
[EndTime "10:06:22 PDT"]
[Termination "NovakRatko won on time"]

1. d4 d5 2. c4 c5 3. cxd5 Qxd5 4. Nf3 cxd4 5. Nc3 Qa5 6. Nxd4 e5 7. Nb3 Qc7 8. e4 Nf6 9. Bb5+ Nc6 10. O-O Be6 11. Bg5 Rd8 12. Qe2 Be7 13. Bxf6 Bxf6 14. Rac1 O-O 15. Bxc6 bxc6 16. Nc5 Bc8 17. Rfd1 Qa5 18.
N3a4 Be7 19. a3 Rxd1+ 20. Qxd1 Rd8 21. Qf3 Rd4 22. b4 Qd8 23. Qe2 a5 24. Qe1 axb4 25. axb4 f5 26. h3 fxe4 27. Nc3 Rxb4 28. N3xe4 Rd4 29.
Rb1 Bf5 30. Qe3 h6 31. Qf3 Bg6 0-1

[Event "Early-Titled-Tuesday-Blitz-July-09-2024"]
[Site "Chess.com"]
[Date "2024.07.09"]
[Round "11"]
[White "kuchma777"]
[Black "ArmanGhevondyanchess"]
[Result "0-1"]
[WhiteElo "2513"]
[BlackElo "2752"]
[TimeControl "180+1"]
[EndTime "10:06:23 PDT"]
[Termination "ArmanGhevondyanchess won by resignation"]

1. e4 c5 2. Nf3 Nc6 3. Bb5 g6 4.
O-O Bg7 5. Re1 Nh6 6. Bxc6 bxc6 7. d3 O-O 8. Nbd2 d6 9. c3 Rb8 10. a4 f6 11. a5 Nf7 12. d4 cxd4 13. cxd4 Rb5 14.
Nc4 d5 15. exd5 cxd5 16. Ne3 e5 17. Qe2 Ba6 18. Qd1 e4 19. Nd2 f5 20. Nb3 f4 21.
Nf1 Qh4 22. Nc5 Rxc5 23. dxc5 Bb7 24. a6 Bc6 25. g3 fxg3 26. hxg3 Qh3 27. Nh2 Ne5 28.
Bf4 Rxf4 29. gxf4 Nf3+ 30. Nxf3 exf3 31. Re8+ Kf7 32. Qf1 Qg4+ 33. Kh2 Bh6 34. Re7+ Kxe7 35. Re1+ Kd8 0-1

[Event "Early-Titled-Tuesday-Blitz-July-09-2024"]
[Site "Chess.com"]
[Date "2024.07.09"]
[Round "11"]
[White "Nekoo04"]
[Black "anderson2361"]
[Result "1-0"]
[WhiteElo "2396"]
[BlackElo "2207"]
[TimeControl "180+1"]
[EndTime "10:06:26 PDT"]
[Termination "Nekoo04 won by resignation"]

1. Nf3 c5 2. g3 g6 3. Bg2 Bg7 4. O-O Nc6 5. c4 Nf6 6. Nc3 O-O 7.
d4 cxd4 8. Nxd4 Qc7 9. Bf4 d6 10. c5 e5 11. cxd6 Qxd6 12. Nxc6 Qxd1 13. Ne7+ Kh8 14.
Rfxd1 exf4 15. gxf4 Be6 16. Rab1 Rae8 17. Ned5 Nxd5 18.
Bxd5 Bxd5 19. Rxd5 Bxc3 20. bxc3 Rxe2 21. Rxb7 Rxa2 22. Rdd7 Ra3 23. Rxf7 Rxf7 24. Rxf7 Rxc3 25. Rxa7 Rf3 26. Ra4 Kg7 27. Kg2 Rb3 28. Ra6 Rb5 29. Kg3 Kh6 30. f3 Rf5 31. Re6 Rb5 32. Kg4 Rb4 33. h4 Kg7 34. Re4 Rb1 35. f5 Rg1+ 36. Kf4 Rh1 37. Ke5 Rf1 38. fxg6 Rxf3 39. gxh7 Kxh7 40. Rg4 Re3+ 41. Kf5 Rf3+ 42. Kg5 Ra3 43. Kh5 Ra5+ 44. Rg5 Ra4 45. Rb5 Ra7 46. Kg5 Rg7+ 47.
Kh5 Ra7 48. Rc5 Rb7 49. Kg4 Rg7+ 50. Kf5 Rf7+ 51. Ke6 Rf4 52. h5 Rh4 53. Kf6 Kh6 54. Rc8 Kxh5 55. Kf5 1-0

[Event "Early-Titled-Tuesday-Blitz-July-09-2024"]
[Site "Chess.com"]
[Date "2024.07.09"]
[Round "11"]
[White "DanylaBagrov"]
[Black "Kildepiotr"]
[Result "1-0"]
[WhiteElo "2609"]
[BlackElo "2695"]
[TimeControl "180+1"]
[EndTime "10:06:28 PDT"]
[Termination "DanylaBagrov won by resignation"]

1. e4 g6 2. d4 Bg7 3. Nc3 c6 4.
h4 h5 5. Nf3 d6 6. a4 Bg4 7. Be2 Nd7 8. Be3 e5 9. d5 Qc8 10. dxc6 bxc6 11. Qxd6 Bf8 12. Qd2 Bb4 13. Ng5 Bxe2 14. Qxe2 Ngf6 15. Qc4 Bxc3+ 16. Qxc3 Qa6 17.
Bc5 Rb8 18. Bd6 Rb5 19. b4 c5 20. axb5 Qxd6 21. bxc5 Nxc5 22. Rxa7 O-O 23. Qc4 Ncd7 24. O-O Qb6 25. Rc7 Qd6 26. Rc6 Qd2 27. Rc8 Rxc8 28. Qxc8+ Kg7 29. Qc4 Qf4 30. Qxf7+ Kh6 31. Ne6 1-0

[Event "Early-Titled-Tuesday-Blitz-July-09-2024"]
[Site "Chess.com"]
[Date "2024.07.09"]
[Round "11"]
[White "subham777"]
[Black "Lion-Al-Messi"]
[Result "0-1"]
[WhiteElo "2546"]
[BlackElo "2677"]
[TimeControl "180+1"]
[EndTime "10:06:28 PDT"]
[Termination "Lion-Al-Messi won on time"]

1. e4 e6 2. Nf3 d5 3. Nc3 d4 4.
Ne2 c5 5. d3 Nc6 6. g3 e5 7.
Bg2 f6 8. c3 Bd6 9. O-O Nge7 10.
Ne1 g5 11. f3 h5 12. c4 Be6 13.
a3 Qc7 14. Bd2 a5 15. b3 b6 16. Nc2 O-O-O 17. b4 cxb4 18. axb4 Bxc4 19. dxc4 d3 20. bxa5 bxa5 21. Be3 dxc2 22. Qxc2 Bb4 23. Nc3 Nd4 24. Bxd4 Rxd4 25. Nb5 Rxc4 26. Nxc7 Rxc2 27. Na6 Rd8 28. Nxb4 axb4 29. Ra8+ Kc7 30. Ra7+ Kb6 31. Rxe7 Rdd2 32. Bh3 b3 33. Re6+ Kb5 34. Re8 b2 35. Rb8+ Ka5 36.
Ra8+ Kb6 37. Rb8+ Ka7 38. Rb3 Rc1 39. Rxb2 Rxf1+ 40. Bxf1 Rxb2 41. Bc4 Kb6 42. h4 Kc5 43. Bf7 gxh4 44. gxh4 Kd4 45. Bxh5 Ke3 46. Bg4 Kf4 47. h5 Kg3 48. Kf1 Rh2 49. Ke1 Kf4 50. Kd1 Ke3 51.
Kc1 Kd3 52. Kb1 Kc3 0-1

[Event "Early-Titled-Tuesday-Blitz-July-09-2024"]
[Site "Chess.com"]
[Date "2024.07.09"]
[Round "11"]
[White "Fractingale"]
[Black "Boudicca64"]
[Result "1-0"]
[WhiteElo "2069"]
[BlackElo "1921"]
[TimeControl "180+1"]
[EndTime "10:06:28 PDT"]
[Termination "Fractingale won on time"]

1. c4 Nf6 2. Nc3 g6 3. g3 Bg7 4. Bg2 O-O 5. e4 c5 6. Nge2 d6 7.
O-O Nc6 8. d3 a6 9. h3 Rb8 10.
a4 Bd7 11. Be3 Nb4 12. d4 cxd4 13. Nxd4 Qc8 14. Kh2 Qxc4 15. Rc1 Qd3 16. Qb3 a5 17. Rfd1 Qa6 18. Bf1 Qa8 19. Ndb5 Be6 20. Nd5 Nxe4 21. Nbc7 Bxd5 22. Rxd5 Nd2 23. Bxd2 Qa7 24. Bxb4 1-0

[Event "Early-Titled-Tuesday-Blitz-July-09-2024"]
[Site "Chess.com"]
[Date "2024.07.09"]
[Round "11"]
[White "David_Arutinian"]
[Black "Volodar_Murzin"]
[Result "1-0"]
[WhiteElo "2865"]
[BlackElo "3001"]
[TimeControl "180+1"]
[EndTime "10:06:32 PDT"]
[Termination "David_Arutinian won on time"]

1. Nf3 Nf6 2. c4 c6 3. e3 d5 4. Nc3 g6 5. d4 Bg7 6. Be2 O-O 7. O-O Bg4 8. h3 Bxf3 9. Bxf3 dxc4 10. Qe2 Nbd7 11.
Qxc4 e5 12. Rd1 exd4 13. exd4 Nb6 14. Qb3 Qd7 15. Bf4 Nfd5 16. Bg3 Nxc3 17. bxc3 Rfe8 18. a4 Nd5 19. a5 Rad8 20. Rab1 Qc8 21. c4 Ne7 22. d5 cxd5 23. cxd5 Nf5 24. Bg4 b6 25. axb6 axb6 26. Qxb6 h5 27. Bxf5 Qxf5 28. d6 Bf6 29. d7 Re6 30. Qb5 Be5 31. Rd5 Rxd7 32.
Rxd7 1-0

[Event "Early-Titled-Tuesday-Blitz-July-09-2024"]
[Site "Chess.com"]
[Date "2024.07.09"]
[Round "11"]
[White "ozates"]
[Black "IMGC"]
[Result "1/2-1/2"]
[WhiteElo "2620"]
[BlackElo "2483"]
[TimeControl "180+1"]
[EndTime "10:06:33 PDT"]
[Termination "Game drawn by repetition"]

1. e4 b6 2. d4 Bb7 3. Bd3 e6 4. Nf3 c5 5. Nc3 cxd4 6. Nxd4 a6 7. O-O Qc7 8. f4 Bc5 9. Be3 Nc6 10. Be2 Nge7 11.
Kh1 O-O 12. Bg1 Nxd4 13. Bxd4 Bxd4 14. Qxd4 b5 15. f5 Nc6 16. Qe3 Qe5 17. f6 gxf6 18. Qh6 Kh8 19. Rxf6 Ne7 20. Raf1 Ng8 21. Qh4 Nxf6 22.
Rxf6 b4 23. Nd1 Qxe4 24. Qf2 Kg7 25. Rf4 Qe5 26. Ne3 f5 27. Nc4 Qc7 28. Qd4+ Kg8 29. Rh4 Be4 30. Nd6 Qxc2 31. Rh3 Bxg2+ 32. Kxg2 Qxe2+ 33.
Kg1 Qe1+ 34. Kg2 Qe2+ 35. Kg1 Qe1+ 36. Kg2 Qe2+ 1/2-1/2

[Event "Early-Titled-Tuesday-Blitz-July-09-2024"]
[Site "Chess.com"]
[Date "2024.07.09"]
[Round "11"]
[White "ccccvhhhj"]
[Black "FormerProdigy"]
[Result "0-1"]
[WhiteElo "2512"]
[BlackElo "2931"]
[TimeControl "180+1"]
[EndTime "10:06:33 PDT"]
[Termination "FormerProdigy won by checkmate"]

1. e4 c6 2. d4 d5 3. e5 c5 4. dxc5 e6 5. Qg4 h5 6. Qg3 h4 7.
Qh3 Nd7 8. Nf3 Nxc5 9. Be2 Ne7 10.
O-O Nf5 11. Rd1 Qb6 12. c4 Ne4 13. Rf1 Bc5 14. Nc3 Nxf2 15. Rxf2 Bxf2+ 16. Kh1 Bd7 17. Bg5 Qxb2 18. Rf1 Bb6 19. Nd2 Ba5 20. Ncb1 Qxe5 21.
Bf3 f6 22. Bf4 Qd4 23. Nb3 Qxc4 24. Rc1 Qxf4 25. Rf1 Ke7 26. Nxa5 Ng3+ 27. Kg1 Qe3+ 28. Rf2 Qe1+ 29. Rf1 Qxf1# 0-1

[Event "Early-Titled-Tuesday-Blitz-July-09-2024"]
[Site "Chess.com"]
[Date "2024.07.09"]
[Round "11"]
[White "guillembaches"]
[Black "Kombinator01"]
[Result "0-1"]
[WhiteElo "2536"]
[BlackElo "2454"]
[TimeControl "180+1"]
[EndTime "10:06:34 PDT"]
[Termination "Kombinator01 won on time"]

1. e4 e5 2. Nf3 Nc6 3. Nc3 Nf6 4. d4 Bb4 5. Nxe5 Nxe4 6. Qg4 Nxc3 7. Qxg7 Rf8 8. a3 Ba5 9. Bh6 Qe7 10. Qxf8+ Qxf8 11. Bxf8 Kxf8 12. Nc4 Nd5+ 13. Nxa5 Nxa5 14. Bd3 Nc6 15. Bxh7 d6 16. Be4 Nf6 17. Bxc6 bxc6 18. O-O-O Ne4 19. Rhf1 Ba6 20. Rfe1 Nxf2 21. Rd2 Ng4 22. h3 Nh6 23. Rf2 Re8 24. Rxe8+ Kxe8 25. Kd2 Ke7 26. b3 f5 27. c4 Bc8 28. Rf4 Kf6 29.
a4 Kg5 30. g3 Be6 31. Kc3 Ng8 32. Rh4 Nf6 33. Rh8 Ne4+ 34. Kb4 Nxg3 35. h4+ Kg4 36. Rh7 f4 37. Rxc7 f3 38. Rg7+ Kh3 0-1

[Event "Early-Titled-Tuesday-Blitz-July-09-2024"]
[Site "Chess.com"]
[Date "2024.07.09"]
[Round "11"]
[White "JordanLoyd2020"]
[Black "luggevoila"]
[Result "1-0"]
[WhiteElo "2524"]
[BlackElo "2339"]
[TimeControl "180+1"]
[EndTime "10:06:34 PDT"]
[Termination "JordanLoyd2020 won by resignation"]

1. d4 d5 2. Nf3 Nf6 3. Bf4 e6 4. e3 Bd6 5. Ne5 c5 6. Bb5+ Kf8 7. dxc5 Bxc5 8. O-O Nbd7 9. c4 a6 10. Ba4 dxc4 11.
Bxd7 Bxd7 12. Nxc4 Bb5 13. Nbd2 Qd3 14. b3 Ke7 15. Qf3 Bc6 16. Qh3 Rhd8 17. Nf3 Qf5 18. Nfe5 Qxh3 19. Nxc6+ bxc6 20. gxh3 Nd5 21. Bg3 f6 22.
Rac1 Bb4 23. a3 Bc5 24. b4 Ba7 25. Na5 c5 26. Nc6+ Kf7 27. Nxd8+ Rxd8 28. bxc5 e5 29. Rfd1 1-0

[Event "Early-Titled-Tuesday-Blitz-July-09-2024"]
[Site "Chess.com"]
[Date "2024.07.09"]
[Round "11"]
[White "rasmussvane"]
[Black "Alex_Banzea"]
[Result "1-0"]
[WhiteElo "2916"]
[BlackElo "2713"]
[TimeControl "180+1"]
[EndTime "10:06:37 PDT"]
[Termination "rasmussvane won by resignation"]

1. Nf3 Nf6 2. g3 g6 3. Bg2 Bg7 4. O-O O-O 5. d4 d6 6. Re1 Nbd7 7. e4 e5 8. Nc3 c6 9. a4 Qc7 10. a5 Rb8 11. d5 b5 12. axb6 axb6 13. Be3 b5 14. Ra7 Rb7 15. Ra6 c5 16. Nd2 b4 17.
Ncb1 Rb6 18. Ra2 Ra6 19. Rxa6 Bxa6 20. b3 h5 21. h3 Kh7 22. Bf1 Bc8 23. Kh2 Bh6 24.
Bxh6 Kxh6 25. Nc4 Nb6 26. Nxb6 Qxb6 27. Nd2 c4 28. Qf3 c3 29. Nc4 Qd8 30. Ra1 Kg7 31. Ra4 Ng4+ 32. hxg4 hxg4 33. Qe3 Rh8+ 34. Kg1 f5 35.
Ra7+ Kg8 36. Qb6 1-0

[Event "Early-Titled-Tuesday-Blitz-July-09-2024"]
[Site "Chess.com"]
[Date "2024.07.09"]
[Round "11"]
[White "JoJoZP"]
[Black "Resourchess"]
[Result "1-0"]
[WhiteElo "2487"]
[BlackElo "2370"]
[TimeControl "180+1"]
[EndTime "10:06:37 PDT"]
[Termination "JoJoZP won on time"]

1. Nf3 d6 2. d4 g6 3. c4 Bg7 4.
Nc3 e5 5. dxe5 dxe5 6. Qxd8+ Kxd8 7. Bg5+ f6 8. O-O-O+ Ke8 9. Nd5 Na6 10. Bd2 c6 11. Nb4 Nc7 12. Bc3 Be6 13. e3 Nh6 14. h3 Nf7 15. b3 a5 16. Nc2 Bf8 17. Be2 Bc5 18. g4 g5 19. Nd2 Nd6 20. h4 gxh4 21.
Rxh4 Kf7 22. Rdh1 Kg7 23. Bd3 h6 24. Ne1 Nf7 25. Ne4 Be7 26. Ng3 Ng5 27. Bf5 Rad8 28. f4 Nf7 29. Nf3 Rd3 30. Bxd3 Bc5 31. Kd2 Rd8 32.
Nh5+ Kf8 33. fxe5 fxe5 34. Nxe5 Nxe5 35. Bxe5 Na6 36. Nf4 Bg8 37. Rxh6 Nb4 38. Rf6+ Ke7 39. Ng6+ 1-0

[Event "Early-Titled-Tuesday-Blitz-July-09-2024"]
[Site "Chess.com"]
[Date "2024.07.09"]
[Round "11"]
[White "praveenb2002"]
[Black "Shield12"]
[Result "0-1"]
[WhiteElo "2843"]
[BlackElo "2976"]
[TimeControl "180+1"]
[EndTime "10:06:38 PDT"]
[Termination "Shield12 won by resignation"]

1. e4 c5 2. Nf3 Nc6 3. d4 cxd4 4.
Nxd4 e6 5. Nb5 d6 6. c4 Nf6 7. N1c3 a6 8. Na3 Be7 9. Be2 O-O 10. O-O b6 11. Be3 Bb7 12. Qb3 Nd7 13. Rfd1 Nc5 14.
Qc2 Bf6 15. Rac1 Be5 16. Nab1 Nb4 17. Qd2 a5 18. f4 Bxc3 19. Nxc3 Nxe4 20. Nxe4 Bxe4 21.
Qxd6 Nxa2 22. Ra1 Nb4 23. Qxd8 Rfxd8 24. Bxb6 Rxd1+ 25. Rxd1 Nc6 26. Rd7 a4 27. Kf2 a3 28.
bxa3 Rxa3 29. Be3 h6 30. Bf3 Bxf3 31. Kxf3 Rc3 32. c5 Nb4 33. Ke2 Nd5 34. Bd4 Nxf4+ 35.
Kf2 Rc2+ 36. Kf3 Nd3 37. Be3 Ne5+ 0-1

[Event "Early-Titled-Tuesday-Blitz-July-09-2024"]
[Site "Chess.com"]
[Date "2024.07.09"]
[Round "11"]
[White "Chess_master1982"]
[Black "KevinGeorgeMicheal"]
[Result "0-1"]
[WhiteElo "2635"]
[BlackElo "2545"]
[TimeControl "180+1"]
[EndTime "10:06:40 PDT"]
[Termination "KevinGeorgeMicheal won on time"]

1. e4 e5 2. f4 d5 3. exd5 exf4 4. Nf3 Nf6 5. c4 c6 6. dxc6 Nxc6 7. d4 Bd6 8. Be2 O-O 9. O-O Bg4 10. Nc3 Re8 11. c5 Bb8 12. d5 Ne5 13. d6 Bxf3 14.
Bxf3 Nxf3+ 15. Qxf3 Qa5 16. Qf2 b6 17. Bxf4 Qxc5 18.
Qxc5 bxc5 19. Rad1 a6 20. d7 Rd8 21. Bg5 Be5 22.
Nd5 Bd4+ 23. Rxd4 cxd4 24. Bxf6 gxf6 25. Nxf6+ Kg7 26. Rf4 d3 27. Ne8+ Kf8 28. Rd4 Ke7 29.
Nc7 Rxd7 30. Nd5+ Kf8 31. Rxd3 Rad8 32. Rh3 Rxd5 33. Rxh7 Rd1+ 34. Kf2 R1d2+ 35. Kf3 Rxb2 36. Rh8+ Ke7 37. Rh6 Rxa2 38. Rb6 Rdd2 39. Rb7+ Kf8 0-1

[Event "Early-Titled-Tuesday-Blitz-July-09-2024"]
[Site "Chess.com"]
[Date "2024.07.09"]
[Round "11"]
[White "Pitomina"]
[Black "Individoom"]
[Result "0-1"]
[WhiteElo "2609"]
[BlackElo "2763"]
[TimeControl "180+1"]
[EndTime "10:06:42 PDT"]
[Termination "Individoom won by resignation"]

1. e4 c5 2. Nf3 g6 3. d4 cxd4 4. Qxd4 Nf6 5. Bb5 Nc6 6. Bxc6 dxc6 7. Qxd8+ Kxd8 8. Nc3 Ke8 9. Bf4 Bg7 10. Be5 Nh5 11. O-O-O Bxe5 12. Nxe5 f6 13. Nd3 Kf7 14. Rhe1 e5 15. Nc5 b6 16. Nd3 Be6 17. Rd2 a5 18. Na4 Rab8 19. b3 Rhd8 20. Red1 Ke7 21. f3 Bf7 22. c3 Ng7 23. Ne1 Rxd2 24. Rxd2 Ne6 25. Nc2 b5 26. Nb2 h5 27. Ne3 h4 28. Nd3 Nf4 29.
Kc2 Be6 30. Nc5 Rh8 31. h3 f5 32. a3 Bc8 33. b4 a4 34. c4 Rd8 35. cxb5 Rxd2+ 36. Kxd2 cxb5 37. Nd3 Kd6 38. exf5 Nxd3 39. Kxd3 gxf5 40. Nd1 Be6 41. Ke3 Bc4 42. f4 Bd5 43. Kf2 exf4 44. Nc3 Bc6 45. Ne2 Ke5 46. Ng1 Kd4 47.
Nf3+ Kc3 48. Nxh4 Kb3 49. Nxf5 Kxa3 50. h4 Kxb4 51. h5 Be4 52. Nd4 a3 0-1

[Event "Early-Titled-Tuesday-Blitz-July-09-2024"]
[Site "Chess.com"]
[Date "2024.07.09"]
[Round "11"]
[White "RobertoJBM"]
[Black "Brown_Bear_MGL"]
[Result "1-0"]
[WhiteElo "2836"]
[BlackElo "2641"]
[TimeControl "180+1"]
[EndTime "10:06:44 PDT"]
[Termination "RobertoJBM won by resignation"]

1. d4 Nf6 2. Nf3 e6 3. e3 b6 4.
Bd3 Bb7 5. Qe2 c5 6. c3 Be7 7.
Nbd2 O-O 8. O-O d6 9. e4 Nbd7 10. Re1 cxd4 11. cxd4 e5 12. d5 Nc5 13. Bc4 a6 14. b4 Na4 15. a3 b5 16. Bb3 Nd7 17.
Bxa4 bxa4 18. Nc4 Nb6 19. Na5 Bc8 20. Be3 Bd7 21. Rec1 Bb5 22. Qd2 Nd7 23. Ne1 f5 24. Nc6 Qe8 25. exf5 Rxf5 26. Nxe7+ Qxe7 27. Rc7 Raf8 28. Rac1 Qh4 29. f3 Nf6 30. Ra7 e4 31. f4 Nxd5 32.
g3 Qh5 33. Ng2 Qf3 34. Bd4 Nf6 35. Qe3 Rd5 36. Bxf6 Qxe3+ 37. Nxe3 Rxf6 38. Nxd5 1-0

[Event "Early-Titled-Tuesday-Blitz-July-09-2024"]
[Site "Chess.com"]
[Date "2024.07.09"]
[Round "11"]
[White "wannabe2700"]
[Black "Karttunen"]
[Result "1/2-1/2"]
[WhiteElo "2561"]
[BlackElo "2671"]
[TimeControl "180+1"]
[EndTime "10:06:44 PDT"]
[Termination "Game drawn by agreement"]

1. e4 e5 2. d4 exd4 3. Qxd4 Nc6 4. Qe3 Nf6 5. Bd2 Qe7 6. Nc3 Qc5 7. O-O-O Qxe3 8.
Bxe3 Ng4 9. Nd5 Nxe3 10. Nxe3 Bc5 11. Nd5 Bb6 12. f4 Ne7 13. Nxb6 axb6 14. a3 d6 15. Bb5+ Nc6 16. Rd3 O-O 17. Rc3 Nd4 18. Bd3 c5 19. Ne2 Nc6 20. Rd1 Bg4 21. h3 Bxe2 22. Bxe2 Nd4 23. Bc4 b5 24. Bd3 Rfe8 25.
e5 b4 26. axb4 cxb4 27. Rc4 dxe5 28. fxe5 Nc6 29. Kb1 Rxe5 30. Be4 Rea5 31. Kc1 Ra1+ 32. Kd2 Rd8+ 33. Bd3 Rxd1+ 34. Kxd1 Ne5 35. Rxb4 Nxd3 36.
cxd3 Rxd3+ 37. Ke2 Rd7 38. g4 f6 39. Rc4 Kf7 40. b4 Ke6 41. b5 Kd5 42. Kd3 Ke5+ 43.
Ke3 Rd5 44. Rc7 Rxb5 45. Re7+ Kd6 46. Rxg7 h5 47. gxh5 Rxh5 48. Rxb7 Rxh3+ 49. Kf4 1/2-1/2

[Event "Early-Titled-Tuesday-Blitz-July-09-2024"]
[Site "Chess.com"]
[Date "2024.07.09"]
[Round "11"]
[White "krzyzan94"]
[Black "Kotofeyca"]
[Result "1-0"]
[WhiteElo "2758"]
[BlackElo "2508"]
[TimeControl "180+1"]
[EndTime "10:06:44 PDT"]
[Termination "krzyzan94 won on time"]

1. e4 c5 2. Nf3 d6 3. d4 cxd4 4. Nxd4 Nf6 5. Nc3 a6 6. Be2 e5 7. Nb3 Be7 8. O-O O-O 9. Qd3 b5 10. a4 b4 11. Nd5 Bb7 12. Rd1 Bxd5 13. exd5 a5 14. c3 bxc3 15. Qxc3 Ne4 16. Qf3 f5 17. Bd3 Qb6 18. Bxe4 fxe4 19. Qe3 Qb7 20. Ra3 Bd8 21. Qxe4 Bb6 22. Be3 Na6 23. h3 Bxe3 24. fxe3 Qb6 25. Rc1 Rf4 26. Rc6 Qxc6 27. exf4 Qb6+ 28. Kh2 Re8 29. f5 Rc8 30. f6 gxf6 31. Qg4+ Kf7 32. Qxc8 Qe3 33. Qe6+ Kg7 34. Qg4+ Kh6 35. Na1 Qd2 36.
Rg3 1-0

[Event "Early-Titled-Tuesday-Blitz-July-09-2024"]
[Site "Chess.com"]
[Date "2024.07.09"]
[Round "11"]
[White "gpsji27"]
[Black "GMT4114"]
[Result "0-1"]
[WhiteElo "2342"]
[BlackElo "2000"]
[TimeControl "180+1"]
[EndTime "10:06:44 PDT"]
[Termination "GMT4114 won by resignation"]

1. d4 e6 2. Nf3 f5 3. Bg5 Nf6 4. Nc3 Bb4 5. Qd3 b6 6. Bd2 Bb7 7. a3 Bxc3 8. Bxc3 O-O 9. e3 d6 10. O-O-O Nbd7 11. Be2 c5 12. dxc5 d5 13. cxb6 Nxb6 14.
Nd4 Re8 15. g4 fxg4 16. h3 g3 17.
fxg3 Nc4 18. h4 Ba6 19. b3 Ne4 20. Bg4 Qb6 21. Nxe6 Nxe3 22. Qd4 Qxd4 23. Bxd4 Nxg4 24. Nxg7 Red8 25. Ne6 Rd6 26. Nf4 Nef2 27. Bxf2 Nxf2 28. Nxd5 Rxd5 29. Rxd5 Nxh1 0-1

[Event "Early-Titled-Tuesday-Blitz-July-09-2024"]
[Site "Chess.com"]
[Date "2024.07.09"]
[Round "11"]
[White "lindsay790"]
[Black "cmunda"]
[Result "1-0"]
[WhiteElo "2107"]
[BlackElo "2079"]
[TimeControl "180+1"]
[EndTime "10:06:45 PDT"]
[Termination "lindsay790 won by checkmate"]

1. e4 c5 2. Nf3 e6 3. d4 cxd4 4. Nxd4 Nc6 5. Be3 Nf6 6. Bd3 d5 7. Nxc6 bxc6 8. e5 Nd7 9. f4 c5 10. c4 d4 11. Bf2 Bb7 12. O-O Be7 13. Nd2 O-O 14. Be4 Rb8 15. b3 f5 16. exf6 Nxf6 17. Bxb7 Rxb7 18. Qe2 Kh8 19. Qxe6 Bd6 20. Bh4 Re7 21.
Qh3 Re2 22. Nf3 Qe8 23. Ng5 h6 24. Rae1 hxg5 25. fxg5 Nh7 26. g6 Rxf1+ 27. Rxf1 Qxg6 28. Bg3 Bf8 29. Rxf8# 1-0